Map: Romanticide LE

Players

Serral - Winner!

  • Race: Zerg Zerg
  • League: Grandmaster
  • Spawn Location: 11:00

PtitDrogo

  • Race: Protoss Protoss
  • Spawn Location: 5:00

Event: DreamHack SC2 Masters 2020 Winter

VOD

Have the link to the VOD?

Description

Time

  • Played on: Oct. 28, 2020, 2:24 p.m.
  • Length: 18:43

All games in this series

Show
View Real Time Build Order
Export as new Build Order

Serral Zerg - Winner!

Build Orders: Pool First, Lurkers, Swarm Host 

Get SALT Encoding   

  12  0:17  Spawning Pool  
  11  0:22  Drone  
  11  0:26  Drone  
  13  0:31  Drone  
  14  0:41  Overlord  
  14  1:04  Zergling x4  
  16  1:05  Zergling x2  
  19  1:15  Zergling x2  
  18  1:18  Hatchery  
  17  1:26  Zergling x2  
  18  1:33  Queen  
  18  1:38  Drone  
  21  1:47  Overlord  
  21  2:02  Drone  
  22  2:12  Drone, Queen  
  25  2:21  Drone  
  22  2:30  Drone x2  
  24  2:39  Queen  
  24  2:42  Drone x2  
  27  2:48  Drone  
  27  2:49  Drone  
  31  2:55  Overlord  
  31  2:57  Zergling x2  
  32  3:00  Drone  
  31  3:09  Hatchery  
  31  3:10  Zergling x2  
  31  3:13  Drone  
  31  3:15  Drone  
  33  3:21  Extractor  
  33  3:24  Zergling x2  
  33  3:25  Drone x3  
  36  3:28  Drone  
  36  3:31  Drone  
  38  3:35  Drone  
  38  3:38  Queen  
  41  3:44  Overlord  
  41  3:50  Zergling x2  
  41  3:51  Drone x2  
  44  3:57  Overlord  
  44  4:03  Zergling x2  
  44  4:04  Drone x3  
  44  4:05  Drone  
  49  4:12  Extractor  
  49  4:14  Drone  
  49  4:16  Drone  
  50  4:17  Drone x3  
  50  4:22  Metabolic Boost, Queen  
  55  4:24  Drone  
  55  4:28  Drone x2  
  55  4:29  Drone  
  59  4:33  Drone x2  
  59  4:38  Drone x2  
  63  4:43  Evolution Chamber  
  63  4:45  Drone x2  
  64  4:46  Drone  
  64  4:47  Drone  
  64  4:51  Overlord  
  66  4:52  Lair  
  66  4:58  Drone, Roach Warren  
  66  5:05  Drone, Extractor  
  66  5:06  Overlord  
  66  5:09  Extractor  
  66  5:10  Drone x6  
  66  5:13  Zerg Missile Weapons Level 1  
  71  5:15  Overlord  
  71  5:17  Drone  
  71  5:19  Drone x2  
  74  5:23  Overlord  
  74  5:25  Drone x2, Extractor x2  
  74  5:27  Drone  
  75  5:33  Overlord  
  75  5:34  Drone x3  
  78  5:35  Drone  
  78  5:36  Drone  
  78  5:40  Overlord  
  80  5:44  Drone x2  
  80  5:47  Drone  
  80  5:48  Overlord x2  
  83  5:54  Roach x3  
  83  5:56  Glial Reconstitution  
  88  6:02  Hatchery  
  87  6:05  Overseer  
  87  6:07  Roach  
  87  6:08  Roach x2  
  93  6:12  Overlord  
  93  6:15  Infestation Pit  
  93  6:16  Roach x2  
  96  6:19  Drone x4  
  96  6:24  Overlord  
  100  6:30  Overlord  
  100  6:31  Overlord  
  100  6:42  Extractor  
  100  6:46  Overlord  
  99  6:52  Swarm Host x10  
  129  7:03  Swarm Host x2  
  129  7:04  Swarm Host  
  129  7:07  Roach x5  
  148  7:11  Overlord  
  148  7:14  Overlord  
  148  7:15  Overlord  
  148  7:16  Zerg Missile Weapons Level 2  
  148  7:17  Queen  
  148  7:20  Roach  
  148  7:21  Roach  
  154  7:27  Roach  
  154  7:28  Roach x2  
  160  7:33  Roach x4  
  168  7:43  Ravager x3  
  171  7:44  Overlord x2  
  171  7:46  Roach x4  
  171  7:50  Spine Crawler  
  179  7:51  Drone  
  178  8:01  Roach x3  
  184  8:10  Overseer  
  184  8:11  Overseer x2  
  183  8:16  Roach x2, Overseer  
  183  8:17  Roach x8  
  191  8:45  Drone x4  
  191  8:47  Roach x2  
  189  9:12  Drone x3  
  189  9:13  Spine Crawler  
  189  9:14  Drone x2  
  193  9:20  Drone  
  193  9:21  Roach x3  
  200  9:28  Swarm Host  
  200  9:29  Swarm Host  
  200  9:32  Zerg Ground Armor Level 1  
  200  9:38  Roach  
  182  9:46  Swarm Host  
  182  9:47  Swarm Host x3  
  191  9:53  Overlord  
  191  9:55  Drone  
  191  9:56  Hive  
  191  9:57  Drone, Extractor  
  191  9:58  Hydralisk Den  
  191  10:00  Drone  
  191  10:01  Overlord  
  191  10:04  Spine Crawler, Overlord x2  
  191  10:05  Overlord  
  192  10:07  Ravager  
  192  10:22  Drone x2, Hatchery  
  193  10:32  Grooved Spines  
  193  10:33  Drone  
  193  10:35  Lurker Den  
  169  10:57  Queen x3  
  169  11:00  Hydralisk x10  
  192  11:07  Nydus Network, Overlord x2  
  192  11:09  Pneumatized Carapace  
  189  11:22  Roach x8  
  183  11:34  Roach  
  183  11:35  Roach x9  
  195  11:44  Muscular Augments  
  195  11:45  Roach x5  
  189  11:54  Seismic Spines  
  189  12:00  Nydus Network  
  188  12:07  Nydus Canal  
  188  12:08  Drone x7, Overseer  
  196  12:10  Lurker x3  
  199  12:16  Spine Crawler  
  198  12:25  Drone, Nydus Canal  
  198  12:28  Lurker  
  166  12:44  Hydralisk  
  166  12:45  Hydralisk x6  
  179  12:51  Adaptive Talons  
  179  12:57  Drone x6  
  183  13:02  Lurker x2  
  183  13:03  Overseer  
  181  13:21  Drone x2  
  181  13:24  Hydralisk x3  
  181  13:26  Nydus Canal  
  187  13:34  Drone  
  187  13:35  Drone x2  
  187  13:36  Hydralisk x3  
  187  13:37  Hydralisk  
  198  13:41  Zerg Ground Armor Level 2  
  198  13:45  Nydus Canal  
  198  13:47  Hatchery  
  197  13:54  Overseer  
  199  14:00  Drone  
  200  14:07  Hydralisk  
  190  14:18  Nydus Canal  
  190  14:22  Queen x4  
  198  14:25  Lurker x2  
  200  14:33  Drone, Spine Crawler  
  200  14:34  Spine Crawler  
  200  14:35  Nydus Canal  
  199  14:39  Drone  
  198  14:53  Lurker x2  
  196  15:02  Hydralisk  
  179  15:08  Unknown  
  179  15:11  Hydralisk x9  
  179  15:12  Hydralisk x2  
  180  15:17  Lurker x3  
  180  15:18  Lurker x3  
  180  15:21  Hydralisk x2  
  177  15:29  Overseer  
  177  15:31  Hydralisk x3  
  180  15:40  Hatchery  
  180  15:41  Hydralisk x3  
  185  15:56  Hydralisk x5  
  195  15:57  Zerg Missile Weapons Level 3, Overseer  
  195  16:03  Lurker x2  
  195  16:04  Lurker x3  
  200  16:09  Overlord  
  200  16:10  Nydus Canal  
  199  16:21  Drone  
  199  16:23  Drone  
  199  16:24  Drone  
  200  16:36  Overlord  
  200  16:46  Nydus Canal  
  200  16:58  Overseer  
  200  16:59  Overseer  
  200  17:03  Drone  
  200  17:05  Drone  
  200  17:08  Drone  
  176  17:16  Hydralisk  
  176  17:17  Hydralisk x12  
  162  17:26  Hydralisk x2  
  162  17:27  Hydralisk  
  168  17:37  Hydralisk x3  
  168  17:40  Nydus Canal  
  168  17:41  Lurker, Overseer  
  175  17:45  Drone x2, Extractor  
  175  17:46  Extractor  
  175  17:50  Drone x3  
  178  17:57  Drone x2  
  178  18:07  Hydralisk x4  
  178  18:12  Lurker x3  
  186  18:21  Overseer  
  184  18:27  Overseer x3  
Show
View Real Time Build Order
Export as new Build Order

PtitDrogo Protoss 

Build Orders: 1 Gate Expand, Archon Immortal 

Get SALT Encoding   

  12  0:00  Probe  
  13  0:12  Probe  
  14  0:19  Pylon  
  14  0:24  Probe  
  14  0:28  Assimilator  
  15  0:37  Probe (Chrono Boost)  
  16  0:45  Gateway  
  16  0:47  Probe (Chrono Boost)  
  17  0:52  Probe  
  18  1:04  Probe  
  19  1:16  Probe  
  20  1:24  Nexus  
  20  1:34  Cybernetics Core  
  20  1:38  Zealot (Chrono Boost)  
  22  1:47  Pylon  
  22  2:07  Adept (Chrono Boost)  
  22  2:14  Warp Gate  
  20  2:35  Probe (Chrono Boost)  
  21  2:41  Probe (Chrono Boost)  
  22  2:46  Adept  
  22  2:47  Probe (Chrono Boost)  
  26  2:54  Probe x2 (Chrono Boost)  
  27  3:02  Probe  
  27  3:03  Probe  
  29  3:14  Probe  
  29  3:15  Probe (Chrono Boost)  
  31  3:26  Probe (Chrono Boost)  
  33  3:33  Probe (Chrono Boost)  
  33  3:35  Probe (Chrono Boost)  
  33  3:40  Probe (Chrono Boost)  
  33  3:41  Nexus  
  35  3:43  Adept  
  35  3:45  Probe (Chrono Boost)  
  39  3:49  Pylon  
  39  3:50  Probe (Chrono Boost)  
  39  3:54  Probe (Chrono Boost)  
  39  3:55  Probe (Chrono Boost)  
  40  3:59  Gateway  
  41  4:05  Probe x2 (Chrono Boost)  
  43  4:11  Assimilator  
  43  4:13  Assimilator  
  45  4:17  Shield Battery, Probe (Chrono Boost)  
  45  4:22  Probe (Chrono Boost)  
  45  4:25  Robotics Facility, Probe (Chrono Boost)  
  45  4:29  Zealot, Probe (Chrono Boost)  
  49  4:31  Probe  
  49  4:34  Pylon  
  49  4:35  Assimilator  
  50  4:40  Probe  
  50  4:44  Probe (Chrono Boost)  
  52  4:48  Twilight Council  
  52  4:50  Forge  
  52  4:53  Probe (Chrono Boost)  
  52  4:56  Probe (Chrono Boost)  
  52  4:58  Probe (Chrono Boost)  
  52  4:59  Sentry  
  57  5:02  Probe (Chrono Boost)  
  57  5:03  Gateway, Probe (Chrono Boost)  
  57  5:06  Probe (Chrono Boost)  
  60  5:07  Probe (Chrono Boost)  
  60  5:10  Probe  
  60  5:13  Observer  
  63  5:16  Zealot  
  63  5:17  Probe  
  63  5:19  Probe  
  67  5:21  Pylon  
  67  5:22  Probe  
  67  5:25  Stalker  
  67  5:26  Protoss Ground Weapons Level 1  
  70  5:29  Probe  
  70  5:31  Charge, Probe  
  70  5:34  Probe  
  73  5:40  Stalker, Immortal (Chrono Boost)  
  73  5:42  Probe  
  76  5:44  Probe  
  76  5:46  Probe  
  82  5:50  Observer  
  82  5:52  Pylon  
  82  5:54  Probe  
  82  5:56  Pylon, Probe  
  82  5:57  Observer  
  82  5:58  Probe  
  83  6:06  Probe  
  83  6:08  Gateway x2  
  83  6:09  Probe  
  83  6:10  Probe  
  86  6:15  Warp Prism (Chrono Boost), Dark Shrine  
  88  6:18  Probe  
  88  6:21  Probe  
  88  6:23  Probe  
  88  6:24  Assimilator  
  90  6:29  Assimilator  
  90  6:31  Probe  
  91  6:32  Templar Archives  
  91  6:34  Gateway  
  91  6:35  Gateway  
  90  6:40  Gateway  
  90  6:41  Photon Cannon  
  90  6:50  Observer (Chrono Boost)  
  91  6:57  Gateway x2  
  91  7:03  Probe, Immortal (Chrono Boost)  
  91  7:07  Pylon  
  96  7:09  Pylon  
  96  7:14  Zealot  
  96  7:15  Zealot  
  100  7:23  Pylon  
  100  7:29  Dark Templar x3  
  106  7:35  Zealot x3  
  106  7:36  High Templar x2  
  116  7:40  Photon Cannon, Archon, Immortal (Chrono Boost)  
  116  7:41  Photon Cannon  
  116  7:43  Shield Battery  
  120  7:45  Nexus  
  120  7:48  Shield Battery  
  119  8:09  Probe  
  119  8:10  Probe  
  119  8:15  Zealot x3  
  119  8:19  Pylon  
  125  8:20  Pylon  
  125  8:22  Protoss Ground Weapons Level 2 (Chrono Boost)  
  123  8:31  Pylon  
  123  8:37  Probe x2  
  123  8:40  Probe  
  124  8:42  High Templar x4, Pylon  
  124  8:45  Archon  
  124  8:46  Archon  
  130  8:53  Zealot x5  
  138  8:57  Observer  
  138  9:00  Probe x2  
  138  9:01  Pylon  
  138  9:04  Pylon  
  138  9:05  Immortal (Chrono Boost)  
  138  9:08  Assimilator  
  140  9:12  Probe  
  140  9:13  Assimilator  
  140  9:14  Probe x2  
  139  9:21  High Templar x6  
  139  9:22  Zealot x4  
  159  9:26  Archon x2  
  159  9:31  Archon  
  134  9:42  Immortal  
  134  9:44  Zealot x3  
  134  9:45  Zealot  
  134  9:52  Probe x2  
  136  9:55  Photon Cannon  
  136  9:57  High Templar, Photon Cannon  
  136  9:58  High Templar, Zealot x4  
  148  10:00  Photon Cannon  
  148  10:02  Archon, Shield Battery  
  148  10:03  Photon Cannon  
  148  10:04  Photon Cannon  
  148  10:06  Photon Cannon  
  148  10:08  Photon Cannon x2  
  148  10:14  Sentry  
  148  10:18  High Templar x3  
  152  10:21  High Templar  
  152  10:22  Archon  
  152  10:26  Zealot  
  152  10:27  Zealot x2  
  160  10:30  Archon, Immortal (Chrono Boost)  
  160  10:32  Zealot x2  
  164  10:42  Zealot  
  142  10:53  High Templar x2  
  142  10:54  Zealot x7  
  152  11:02  Immortal (Chrono Boost)  
  152  11:03  Nexus  
  156  11:04  Pylon  
  156  11:08  Archon  
  156  11:16  Psionic Storm  
  152  11:25  Protoss Ground Weapons Level 3 (Chrono Boost)  
  152  11:27  Zealot x8  
  152  11:28  Zealot x2, Probe  
  149  11:38  Warp Prism  
  124  11:52  High Templar x4  
  124  11:53  High Templar x2, Zealot x4  
  126  11:57  Photon Cannon  
  126  11:59  Photon Cannon  
  126  12:11  Immortal (Chrono Boost)  
  130  12:16  Dark Templar  
  130  12:17  Dark Templar  
  134  12:25  Assimilator  
  134  12:27  Assimilator  
  134  12:29  Robotics Facility  
  134  12:31  Zealot x4  
  134  12:35  High Templar  
  134  12:36  Zealot x3  
  150  12:41  Archon  
  150  12:42  Archon  
  150  12:44  Observer  
  135  12:53  High Templar x5  
  145  13:00  Probe  
  145  13:05  Zealot x4, Immortal  
  156  13:11  Pylon  
  154  13:13  Pylon  
  154  13:17  Stalker  
  146  13:26  Probe x2  
  145  13:29  Zealot x2  
  149  13:37  High Templar x2  
  149  13:38  Zealot x5  
  149  13:40  Immortal  
  167  13:42  Archon  
  167  13:44  Immortal  
  171  13:49  Nexus  
  171  13:50  Pylon  
  171  13:53  Dark Templar x3  
  177  14:03  Zealot x2  
  173  14:19  Immortal  
  175  14:24  High Templar x4  
  175  14:25  Zealot x2  
  175  14:27  Protoss Shields Level 1 (Chrono Boost)  
  175  14:29  Pylon  
  175  14:30  Pylon  
  181  14:31  Archon x2  
  181  14:32  Pylon  
  181  14:49  Observer  
  181  14:52  Stargate  
  175  14:54  Stargate  
  175  14:57  Zealot x2  
  175  14:58  Zealot x7  
  143  15:19  Dark Templar x2  
  143  15:20  Zealot x6  
  157  15:27  Probe x4  
  161  15:29  Photon Cannon  
  161  15:38  Dark Templar  
  161  15:45  Fleet Beacon  
  161  15:46  Probe (Chrono Boost)  
  161  15:49  Assimilator  
  149  16:07  Nexus  
  149  16:09  High Templar x7  
  163  16:13  Archon  
  163  16:14  Archon x2  
  157  16:28  Mothership (Chrono Boost)  
  161  16:53  Zealot x7  
  175  17:00  Oracle  
  142  17:17  Zealot x3  
  142  17:22  Probe (Chrono Boost)  
  111  17:23  Observer  
  111  17:24  High Templar  
  111  17:25  High Templar  
  113  17:39  Dark Templar  
  115  17:45  High Templar x3  
  115  17:46  Zealot x2  
  125  17:54  Shield Battery  
  123  18:12  Dark Templar  
  125  18:21  Zealot x4  
  129  18:27  High Templar x3  
  129  18:29  High Templar  
  129  18:31  Archon  
Tags
 
Add a new tag
Caveats
  • Supply blocks, unpowered buildings, or Contaminate may cause inaccurate times.
  • Supply counts are checked every 10 seconds.